 Dungeon Crawl Stone Soup version 0.30-a0-424-g7412bad402 (webtiles) character file.

Game seed: 5864782072934987376

499 drewk1942 the Cleaver (level 6, 0/51 HPs)
             Began as a Minotaur Fighter on Dec 9, 2022.
             Slain by a centaur (4 damage)
             ... on level 5 of the Dungeon.
             The game lasted 00:04:12 (2625 turns).

drewk1942 the Cleaver (Minotaur Fighter)            Turns: 2625, Time: 00:04:12

Health: 0/51       AC:  6    Str: 23    XL:     6   Next: 94%
Magic:  5/5        EV:  9    Int:  5    God:
Gold:   250        SH:  4    Dex:  9    Spells: 5/5 levels left

rFire   . . .      SeeInvis .    a - +0 war axe
rCold   . . .      Faith    .    c - +0 buckler
rNeg    . . .      Spirit   .    b - +0 scale mail
rPois   .          Reflect  .    (helmet restricted)
rElec   .          Harm     .    (no cloak)
rCorr   .          Rampage  .    (no gloves)
Will    .....                    (no boots)
Stlth   ..........               (no amulet)
HPRegen 0.28/turn                (no ring)
MPRegen 0.09/turn                (no ring)

@: mighty, weakened
A: horns 2, retaliatory headbutt
a: no special abilities


You were on level 5 of the Dungeon.
You visited 1 branch of the dungeon, and saw 5 of its levels.

You collected 250 gold pieces.

Inventory:

Hand Weapons
 a - a +0 war axe (weapon)
Missiles
 e - 4 poisoned darts (quivered)
 s - 6 boomerangs
 t - 4 javelins
Armour
 b - a +0 scale mail (worn)
 c - a +0 buckler (worn)
Jewellery
 g - an amulet of magic regeneration
Scrolls
 h - 2 scrolls of identify {unknown}
 j - 2 scrolls of butterflies {unknown}
 m - 3 scrolls of blinking {unknown}
 n - a scroll of enchant armour {unknown}
 p - a scroll of immolation {unknown}
 q - 2 scrolls of poison {unknown}
 r - a scroll of teleportation {unknown}
Potions
 f - 3 potions of attraction {unknown}
 i - a potion of cancellation {unknown}
 k - a potion of flight {unknown}
 l - 2 potions of berserk rage {unknown}
 o - a potion of heal wounds {unknown}


   Skills:
 - Level 3.6 Fighting
 * Level 8.2 Axes
 + Level 0.7 Throwing
 - Level 3.6 Armour
 + Level 5.2 Shields


You had 5 spell levels left.
You didn't know any spells.
Your spell library contained the following spells:

 Spells                   Type           Power      Damage    Failure   Level
 Kiss of Death            Conj/Necr      0%         2d5       86%         1
 Confusing Touch          Hex            0%         N/A       99%         3
 Gell's Gravitas          Tloc           0%         N/A       99%         3
 Ozocubu's Armour         Ice            0%         N/A       99%         3
 Teleport Other           Tloc           0%         N/A       99%         3
 Dispel Undead            Necr           0%         3d6       100%        4
 Dispersal                Tloc           0%         N/A       100%        6
 Ozocubu's Refrigeration  Ice            0%         4d7       100%        7


Dungeon Overview and Level Annotations

Branches:
Dungeon (5/15)
 Temple: D:4-7

Altars:
Vehumet
Zin


Innate Abilities, Weirdness & Mutations

You have a pair of horns on your head.
You reflexively headbutt those who attack you in melee.


Message History

You barely miss the gnoll bouda. You headbutt the gnoll bouda.
The gnoll bouda is moderately wounded.
You hit the gnoll.
You kill the gnoll!
The centaur shoots an arrow.
The arrow hits you.
The gnoll hits you from afar with a +0 spear.
You block the gnoll bouda's attack. The gnoll closely misses you.
You slash the gnoll bouda!
The gnoll bouda is almost dead.
You slash the gnoll! You hit the gnoll. The gnoll hits you with a +0 club.
The gnoll hits you from afar with a +0 spear.
The gnoll bouda gazes fiercely through you!
You feel your attacks grow feeble. The gnoll bouda barely misses you.
You block the gnoll's attack.
You hit the gnoll bouda.
You kill the gnoll bouda!
You hit the gnoll. x2
The gnoll hits you from afar with a +0 spear.
The gnoll hits you with a +0 flail. The gnoll hits you with a +0 club.
You slash the gnoll!
You kill the gnoll!
You slash the gnoll!
You kill the gnoll!
The gnoll barely misses you.
The centaur shoots an arrow.
The arrow hits you!
* * * LOW HITPOINT WARNING * * *
The centaur unwields a +0 shortbow.
The centaur closely misses you. You furiously retaliate!
You headbutt the centaur!
The centaur kicks you but does no damage.
The gnoll hits you from afar with a +0 spear.
* * * LOW HITPOINT WARNING * * *
You see here a +0 flail.
You hit the centaur.
The centaur is severely wounded.
The centaur hits you.
* * * LOW HITPOINT WARNING * * *
You block the centaur's attack.
The gnoll hits you from afar with a +0 spear.
* * * LOW HITPOINT WARNING * * *
The centaur hits you.
You die...

......#..
........#
........#
........#
/.......#
........#
.....g.c# #
......)@##..#
###+###<)...#
###.#.... ...
.. ###


You could see a centaur and a gnoll (swift).

Vanquished Creatures
  A phantom (D:4)
  A necrophage (D:4)
  A jelly (D:4)
  A gnoll bouda (D:5)
  2 hounds (D:4)
  7 gnolls
  8 adders
  2 worms (D:2)
  A dart slug (D:4)
  9 orcs
  7 ball pythons
  7 endoplasms
  2 giant cockroaches
  5 hobgoblins
  17 jackals
  7 quokkas
  4 bats
  2 frilled lizards
  5 goblins
  8 kobolds
  5 rats
102 creatures vanquished.

Notes
Turn   | Place    | Note
-------+----------+-------------------------------------------
     0 | D:1      | drewk1942 the Minotaur Fighter began the quest for the Orb.
     0 | D:1      | Reached XP level 1. HP: 19/19 MP: 0/0
    64 | D:1      | Reached skill level 3 in Axes
    68 | D:1      | Reached XP level 2. HP: 11/26 MP: 1/1
   289 | D:1      | Reached skill level 4 in Axes
   722 | D:2      | Reached XP level 3. HP: 31/31 MP: 2/2
   770 | D:2      | Reached skill level 5 in Axes
   774 | D:2      | Reached XP level 4. HP: 13/39 MP: 3/3
  1228 | D:2      | Reached skill level 6 in Axes
  1628 | D:3      | Reached XP level 5. HP: 45/45 MP: 4/4
  1801 | D:3      | Found a radiant altar of Vehumet.
  1991 | D:3      | Found a glowing silver altar of Zin.
  2114 | D:4      | Reached skill level 7 in Axes
  2222 | D:4      | Reached XP level 6. HP: 51/51 MP: 5/5
  2463 | D:4      | Reached skill level 5 in Shields
  2616 | D:5      | Entered Level 5 of the Dungeon
  2620 | D:5      | Reached skill level 8 in Axes
  2625 | D:5      | Slain by a centaur

Illustrated notes

Levels and vault maps discovered:
D:1:      dpeg_arrival_signposts, layout_basic
D:2:      layout_basic
D:3:      layout_rooms, zin_scriptorium, mainiacjoe_overflow_alcove_4
D:4:      layout_basic
D:5:      layout_basic, amcnicky_altar_gilded,
          mainiacjoe_overflow_surrounded_room, minmay_temple_entry_glassed_door,
          enter_ossuary_4, uniq_menkaure

Skill      XL: |  1  2  3  4  5  6 |
---------------+-------------------+-----
Axes           | 3 4 5 6 7 8 |  8.2
Shields        | 4 5 |  5.2
Fighting       | |  3.6
Throwing       | |  0.7
Armour         | |  3.6

Action                   |  1- 3 |  4- 6 || total
-------------------------+-------+-------++-------
Melee: War axe           |    62 |   152 ||   214
       Headbutt          |     6 |    19 ||    25
Throw: Dart              |     3 |       ||     3
  Use: Potion            |       |     2 ||     2
Armor: Scale mail        |    33 |    69 ||   102
Dodge: Dodged            |    38 |    64 ||   102
Block: Buckler           |    14 |    31 ||    45

Table legend: (Time is in decaauts)
 A = Elapsed time spent in this place.
 B = Non-inter-level travel time spent in this place.
 C = Inter-level travel time spent in this place.
 D = Time resting spent in this place.
 E = Time spent auto-exploring this place.
 F = Levels seen in this place.
 G = Mean time per level.
                   A        B        C        D        E       F      G
               +--------+--------+--------+--------+--------+-----+--------+
         Total |   2676 |   2617 |     59 |    243 |   1834 |   5 |  535.2 |
       Dungeon |   2676 |   2617 |     59 |    243 |   1834 |   5 |  535.2 |
               +--------+--------+--------+--------+--------+-----+--------+

Top non-repeatable levels by time:
     D:2: 906 daAuts
     D:1: 648 daAuts
     D:4: 586 daAuts
     D:3: 525 daAuts
     D:5: 9 daAuts
